 Dungeon Crawl Stone Soup version 0.29.1-13-g9f3cf754e1 (webtiles) character file.

Game seed: 6370089429037712857

78011 Exodus22XD the Severer (level 15, -4/145 HPs)
             Began as a Minotaur Fighter on Feb 5, 2023.
             Was the Champion of the Shining One.
             Slain by a naga warrior
             ... wielding a +0 halberd
              (41 damage)
             ... on level 1 of the Snake Pit.
             The game lasted 00:49:42 (20218 turns).

Exodus22XD the Severer (Minotaur Fighter)          Turns: 20218, Time: 00:49:42

Health: -4/145     AC: 26    Str: 42    XL:     15   Next: 17%
Magic:  30/30      EV:  9    Int: 10    God:    the Shining One [******]
Gold:   2034       SH: 16    Dex:  8    Spells: 14/14 levels left

rFire   + . .      SeeInvis .   n - +3 war axe (freeze)
rCold   + + .      Faith    .   W - +0 kite shield
rNeg    + + +      Spirit   .   L - quicksilver dragon scales
rPois   +          Reflect  +   r - +1 hat
rElec   .          Harm     .   X - +1 cloak "Wimmu" {Str+6 Int+3 Stlth+}
rCorr   .          Rampage  .   G - +5 pair of gloves "Kepass" {Regen+ Str+5 Int+2}
Will    ++...                   Q - +0 pair of boots
Stlth   +.........              e - amulet of Qeurobec {Reflect rF+ SH+5 Stlth+}
HPRegen 1.14/turn               i - +4 ring of slaying
MPRegen 0.22/turn               b - ring "Egus" {rPois rC++ MP+9 Str+4 Dex-3}

@: lethally poisoned (-4 -> -5), glowing
A: horns 2, retaliatory headbutt
a: Renounce Religion, Divine Shield, Cleansing Flame, Summon Divine Warrior,
Brand Weapon With Holy Wrath


You were on level 1 of the Snake Pit.
You worshipped the Shining One.
The Shining One was exalted by your worship.
You visited 5 branches of the dungeon, and saw 20 of its levels.
You also visited: Bailey and Gauntlet.

You collected 2034 gold pieces.

Inventory:

Hand Weapons
 n - a +3 war axe of freezing (weapon)
 J - the +7 trident of Hospitality {flame, Will+ Stlth+}
   (You took it off a minotaur in a Gauntlet)

   It burns those it strikes, dealing additional fire damage.
   Will:      It increases your willpower.
   Stlth:     It makes you more stealthy.
 U - a +4 morningstar
Missiles
 o - 8 javelins (quivered)
Armour
 q - a +2 scale mail of cold resistance
 r - a +1 hat (worn)
 G - the +5 pair of gloves "Kepass" (worn) {Regen+ Str+5 Int+2}
   (You found it in a Gauntlet)

   Str:       It affects your strength (+5).
   Int:       It affects your intelligence (+2).
   Regen:     It increases your rate of health regeneration.
 L - quicksilver dragon scales (worn)
 M - a +2 buckler of protection
 Q - a +0 pair of boots (worn)
 W - a +0 kite shield (worn)
 X - the +1 cloak "Wimmu" (worn) {Str+6 Int+3 Stlth+}
   (You acquired it on level 11 of the Dungeon)

   Str:       It affects your strength (+6).
   Int:       It affects your intelligence (+3).
   Stlth:     It makes you more stealthy.
Jewellery
 b - the ring "Egus" (right hand) {rPois rC++ MP+9 Str+4 Dex-3}
   (You found it on level 5 of the Lair of Beasts)

   [ring of magical power]

   Str:       It affects your strength (+4).
   Dex:       It affects your dexterity (-3).
   rC:        It greatly protects you from cold.
   rPois:     It protects you from poison.
   MP:        It affects your magic capacity (+9).
 e - the amulet of Qeurobec (around neck) {Reflect rF+ SH+5 Stlth+}
   (You found it on level 5 of the Lair of Beasts)

   [amulet of reflection]

   It reflects blocked missile attacks.
   rF:        It protects you from fire.
   SH:        It affects your SH (+5).
   Stlth:     It makes you more stealthy.
 i - a +4 ring of slaying (left hand)
 H - a +4 ring of protection
 R - a ring of fire
 V - a ring of protection from cold
 Y - a ring of ice
Wands
 a - a wand of paralysis (20)
 f - a wand of digging (24)
 y - a wand of roots (8)
 O - a wand of mindburst (4)
Scrolls
 h - a scroll of acquirement
 j - 11 scrolls of teleportation
 k - 3 scrolls of magic mapping
 p - 6 scrolls of fog
 s - a scroll of silence {unknown}
 t - 2 scrolls of enchant armour {unknown}
 u - 2 scrolls of immolation {unknown}
 x - 6 scrolls of fear {unknown}
 D - 3 scrolls of enchant weapon {unknown}
 F - 3 scrolls of noise {unknown}
 N - 2 scrolls of brand weapon {unknown}
 P - 2 scrolls of blinking {unknown}
Potions
 d - 6 potions of heal wounds
 g - 2 potions of lignification {unknown}
 l - 6 potions of mutation
 m - a potion of flight {unknown}
 v - 4 potions of cancellation
 w - 3 potions of curing
 z - a potion of ambrosia {unknown}
 A - 4 potions of haste
 C - 2 potions of experience {unknown}
 E - 2 potions of resistance {unknown}
 I - 5 potions of might
 K - 4 potions of brilliance {unknown}
 S - a potion of berserk rage {unknown}
 T - 2 potions of magic {unknown}


   Skills:
 + Level 16.4 Fighting
 + Level 19.2 Axes
 + Level 2.5(12.8) Polearms
 + Level 0.6 Throwing
 + Level 12.9 Armour
 * Level 12.2 Shields
 * Level 10.1 Invocations
 + Level 0.1 Evocations


You had 14 spell levels left.
You didn't know any spells.
Your spell library was empty.

Dungeon Overview and Level Annotations

Branches:
Dungeon (11/15)            Temple (1/1) D:6            Lair (5/5) D:11
 Shoals (0/4) Lair:3        Snake (1/4) Lair:3        Slime (0/5) Lair:5
    Orc (2/2) D:10            Elf (0/3) Orc:2        Bailey (visited)
Gauntlet (visited)

Altars:
Ashenzari
Cheibriados
Fedhas
Gozag
Hepliaklqana
Kikubaaqudgha
Makhleb
Nemelex Xobeh
Okawaru
Qazlal
Ru
Sif Muna
Uskayaw
Vehumet
Wu Jian
Yredelemnul
Zin
The Shining One
Jiyva

Shops:
Orc:1 :([   Orc:2 [:=[


Innate Abilities, Weirdness & Mutations

You have a pair of horns on your head.
You reflexively headbutt those who attack you in melee.


Message History

You slash the naga! You freeze the naga.
You kill the naga!
The naga mage hits you but does no damage.
The naga warrior hits you from afar with a +0 glaive!
The naga warrior roars a battlecry!
The naga warrior goes into a battle-frenzy!
The naga spits poison at you.
The splash of poison hits you but does no damage.
You are more poisoned.
You resist.
You feel sick.
The naga mage hits you but does no damage.
You block the naga mage's attack. The naga warrior spits poison at you.
The splash of poison reflects off an invisible shield around you!
The splash of poison hits the naga warrior.
The naga warrior barely misses you. You block the naga warrior's attack.
The naga mage spits poison at you. The splash of poison hits you. You resist.
You block the naga's attack.
You slash the naga warrior! You freeze the naga warrior.
The naga warrior is lightly wounded.
You barely miss the naga warrior. You slice the naga mage!!
You freeze the naga mage!
You feel sick. You block the naga mage's attack.
The naga mage closely misses you.
The naga warrior hits you with a +0 halberd.
You block the naga warrior's attack.
The naga warrior hits you with a +0 glaive!!!
The naga warrior closely misses you. The naga spits poison at you.
The splash of poison hits you but does no damage.
You resist.
You slice the naga mage!! You freeze the naga mage.
You kill the naga mage!
You hit the naga warrior. You freeze the naga warrior.
You slice the naga warrior!! You freeze the naga warrior.
You feel sick.
The naga warrior hits you with a +0 glaive!!!
* * * LOW HITPOINT WARNING * * *
You block the naga warrior's attack.
The naga warrior hits you with a +0 halberd!!!
You die...

...# ...#
.............#
...#
.............#
...#
.............#
...#
.............#
...#
.............#
...#
.............#
...#
......N.NN...#
...#
......)@.....#
...#
.......))....#
...#
.)...####.####
...# ....
####'#### ...#
... #.......#
...# ##
#.......# ...#
#.......# ...#
#.......# ...#
#.......#


You could see 2 naga warriors and a naga (strong).

Vanquished Creatures
  An orc warlord (Orc:2)
  4 dire elephants (Lair:5)
  A minotaur (Gauntlet)
  Harold (D:9)
  Josephine (D:11)
  Fannar (Lair:1)
  3 hydras
  Erolcha (D:11)
  A centaur warrior (D:9)
  2 catoblepae
  4 two-headed ogres
  A naga warrior (Snake:1)
  A spectral dire elephant (Lair:5)
  A death yak (Lair:5)
  5 orc high priests (Orc:2)
  A spectral death yak (Lair:5)
  A fire crab (Gauntlet)
  Lodul (D:10)
  A spectral anaconda (Lair:5)
  2 obsidian statues
  Pikel (D:9)
  A lindwurm (Lair:5)
  3 orc knights (Orc:2)
  3 necromancers (Lair:5)
  A mana viper (Snake:1)
  3 orc sorcerers (Orc:2)
  2 cyclopes
  25 elephants
  2 naga magi (Snake:1)
  7 black mambas
  A salamander (Snake:1)
  A guardian serpent (Lair:3)
  Maggie (D:6)
  10 cane toads
  A dire elephant skeleton (Lair:5)
  12 komodo dragons
  10 trolls
  A hornet (D:9)
  2 polar bears
  4 blink frogs (Lair:2)
  2 spriggans (Bailey)
  2 vampires
  3 wyverns
  A shadow (D:11)
  6 wraiths
  82 yaks
  5 fire bats (Gauntlet)
  6 basilisks
  3 steam dragons
  4 wargs (Orc:2)
  The ghost of MacCMillion the Insei, an amateur OpTm of Gozag (D:3)
  2 spectral cane toads (Lair:5)
  6 nagas (Snake:1)
  2 acid dragons
  12 water moccasins
  2 hell hounds (Gauntlet)
  2 sky beasts
  A swamp drake (D:10)
  33 orc warriors
  A black bear (D:6)
  22 ogres
  2 elephant skeletons (Lair:5)
  5 centaurs
  A phantom (D:5)
  3 lemures (D:9)
  11 wolves
  2 necrophages
  12 bullfrogs
  A cane toad simulacrum (Lair:5)
  3 scorpions
  13 wights
  12 killer bees (D:11)
  4 howler monkeys
  2 electric eels (D:9)
  27 orc priests
  2 hounds
  A jelly (D:4)
  3 gnoll boudas
  Natasha (twice) (D:2)
  Terence (D:2)
  4 iguanas
  19 orc wizards
  Robin (D:2)
  16 gnolls
  5 adders
  2 white imps
  2 ufetubi
  2 worms
  2 dart slugs
  101 orcs
  4 bats
  5 endoplasms
  3 giant cockroaches
  17 goblins
  6 hobgoblins
  6 jackals (D:2)
  3 quokkas
  6 ball pythons
  4 frilled lizards
  6 kobolds
  5 rats
649 creatures vanquished.

Vanquished Creatures (others)
  A human (D:10)
  22 fungi
  28 plants
  18 withered plants
69 creatures vanquished.

Grand Total: 718 creatures vanquished

Notes
Turn   | Place    | Note
-------+----------+-------------------------------------------
     0 | D:1      | Exodus22XD the Minotaur Fighter began the quest for the
                  | Orb.
     0 | D:1      | Reached XP level 1. HP: 19/19 MP: 0/0
    73 | D:1      | Reached XP level 2. HP: 22/27 MP: 1/1
   426 | D:1      | Reached XP level 3. HP: 33/33 MP: 2/2
   842 | D:2      | Reached skill level 3 in Axes
   848 | D:2      | Noticed Robin
   854 | D:2      | Killed Robin
   929 | D:2      | Reached XP level 4. HP: 38/40 MP: 3/3
   947 | D:2      | Found a faded altar of an unknown god.
   957 | D:2      | Noticed Natasha
   963 | D:2      | Killed Natasha
   991 | D:2      | Noticed Terence
  1000 | D:2      | Killed Terence
  1001 | D:2      | Reached skill level 4 in Axes
  1167 | D:2      | Reached XP level 5. HP: 43/47 MP: 4/4
  1524 | D:2      | Noticed Natasha
  1531 | D:2      | Killed Natasha
  1886 | D:3      | Noticed a water moccasin
  1894 | D:3      | Killed a water moccasin
  1895 | D:3      | Reached skill level 5 in Axes
  1895 | D:3      | Reached XP level 6. HP: 49/55 MP: 5/5
  2048 | D:3      | Found a runed translucent door.
  2049 | D:3      | Noticed MacCMillion's ghost (amateur OpTm)
  2471 | D:3      | Killed MacCMillion's ghost
  2472 | D:3      | Reached skill level 5 in Fighting
  2472 | D:3      | Reached skill level 6 in Axes
  2472 | D:3      | Reached skill level 5 in Armour
  2665 | D:4      | Found a glowing silver altar of Zin.
  2903 | D:4      | Reached XP level 7. HP: 52/61 MP: 6/6
  2909 | D:4      | Reached skill level 5 in Shields
  2912 | D:4      | Reached skill level 7 in Axes
  3940 | D:5      | Entered Level 5 of the Dungeon
  4217 | D:5      | Reached XP level 8. HP: 70/70 MP: 7/7
  4328 | D:5      | Reached skill level 8 in Axes
  5130 | D:6      | Noticed a troll
  5140 | D:6      | Killed a troll
  5141 | D:6      | Reached skill level 9 in Axes
  5539 | D:6      | Found a staircase to the Ecumenical Temple.
  5566 | D:6      | Reached XP level 9. HP: 18/79 MP: 8/8
  5878 | D:5      | Reached skill level 10 in Axes
  5924 | Temple   | Entered the Ecumenical Temple
  5948 | Temple   | Became a worshipper of the Shining One
  6056 | D:6      | Found a sacrificial altar of Ru.
  6084 | D:6      | Noticed Maggie
  6094 | D:6      | Killed Maggie
  6534 | D:7      | Reached skill level 11 in Axes
  6955 | D:7      | Found a basalt altar of Yredelemnul.
  7418 | D:8      | Found a flagged portal.
  7436 | Bailey   | Entered a bailey
  7548 | Bailey   | Noticed a two-headed ogre
  7585 | Bailey   | Reached skill level 12 in Axes
  7588 | Bailey   | Reached XP level 10. HP: 82/90 MP: 9/9
  7593 | Bailey   | Killed a two-headed ogre
  7648 | Bailey   | Identified the +1 ice dragon scales "Gawaz" {rF- rC++ Str+6
                  | Dex-3}
  8080 | D:8      | Noticed a two-headed ogre
  8085 | D:8      | Killed a two-headed ogre
  8086 | D:8      | Reached skill level 13 in Axes
  8086 | D:8      | Reached skill level 1 in Invocations
  8697 | D:9      | Reached * piety under the Shining One
  8712 | D:9      | Noticed Harold
  8723 | D:9      | Killed Harold
  8887 | D:9      | Found an ornate altar of the Wu Jian Council.
  8899 | D:9      | Noticed a centaur warrior
  8908 | D:9      | Killed a centaur warrior
  8909 | D:9      | Reached skill level 14 in Axes
  8909 | D:9      | Reached skill level 10 in Armour
  8909 | D:9      | Reached XP level 11. HP: 61/99 MP: 8/12
  9124 | D:9      | Noticed Pikel
  9130 | D:9      | Killed Pikel
  9786 | D:10     | Entered Level 10 of the Dungeon
  9892 | D:10     | Reached skill level 10 in Fighting
 10164 | D:10     | Noticed Lodul
 10164 | D:10     | Paralysed by Lodul for 2 turns
 10177 | D:10     | Killed Lodul
 10385 | D:10     | Reached ** piety under the Shining One
 10389 | D:10     | Reached skill level 15 in Axes
 10560 | D:10     | Found a staircase to the Orcish Mines.
 10718 | D:10     | Found an iron altar of Okawaru.
 10724 | D:10     | Found a stormy altar of Qazlal.
 10729 | D:10     | Found a sparkling altar of Nemelex Xobeh.
 10731 | D:10     | Found a radiant altar of Vehumet.
 10744 | D:10     | Found a hide-covered altar of Uskayaw.
 10902 | D:10     | Found an ancient bone altar of Kikubaaqudgha.
 11144 | D:11     | Noticed Erolcha
 11150 | D:11     | Noticed Josephine
 11153 | D:11     | Killed Erolcha
 11160 | D:11     | Reached skill level 5 in Invocations
 11165 | D:11     | Killed Josephine
 11230 | D:11     | Reached skill level 16 in Axes
 11234 | D:11     | Reached XP level 12. HP: 77/110 MP: 15/15
 11662 | D:11     | Found a staircase to the Lair.
 12058 | D:11     | Identified 2 scrolls of acquirement
 12130 | Orc:1    | Entered Level 1 of the Orcish Mines
 12388 | Orc:1    | Reached *** piety under the Shining One
 12508 | Orc:1    | Found Pim Xedu's Armour Shop.
 12633 | Orc:2    | Entered Level 2 of the Orcish Mines
 12642 | Orc:2    | Noticed a two-headed ogre
 12648 | Orc:2    | Killed a two-headed ogre
 13036 | Orc:2    | Noticed a two-headed ogre
 13044 | Orc:2    | Killed a two-headed ogre
 13463 | Orc:2    | Found Plog's Antique Armour Boutique.
 13477 | Orc:2    | Found Bamna's Jewellery Shop.
 13640 | Orc:2    | Reached skill level 17 in Axes
 13675 | Orc:1    | Found Raerelis's Book Emporium.
 13675 | Orc:1    | Found Fuaraitz's Weapon Emporium.
 13932 | Orc:2    | Noticed an orc high priest
 13940 | Orc:2    | Killed an orc high priest
 14109 | Orc:2    | Found a staircase to the Elven Halls.
 14186 | Orc:2    | Reached **** piety under the Shining One
 14201 | Orc:2    | Found Vaxtatzef's Book Emporium.
 14204 | Orc:2    | Noticed an orc high priest
 14207 | Orc:2    | Reached XP level 13. HP: 81/122 MP: 17/17
 14552 | Orc:2    | Noticed an orc warlord
 14577 | Orc:2    | Killed an orc warlord
 15049 | Orc:2    | Paralysed by an orc sorcerer for 5 turns
 15303 | Orc:2    | Found Qesififa's Armour Boutique.
 15454 | Orc:2    | Reached ***** piety under the Shining One
 15481 | Orc:2    | Acquired the +1 cloak "Wimmu" {Str+6 Int+3 Stlth+}
 15645 | Lair:1   | Entered Level 1 of the Lair of Beasts
 15666 | Lair:1   | Noticed Fannar
 15678 | Lair:1   | Killed Fannar
 15744 | Lair:1   | Found a gate leading to a gauntlet.
 15768 | Gauntlet | Entered a Gauntlet
 15768 | Gauntlet | Found a transporter.
 15777 | Gauntlet | Found a transporter.
 15790 | Gauntlet | Found a transporter.
 15794 | Gauntlet | Found a transporter.
 15804 | Gauntlet | Found a transporter.
 15824 | Gauntlet | Found a transporter.
 15837 | Gauntlet | Found a transporter.
 15857 | Gauntlet | Found a transporter.
 15861 | Gauntlet | Found a transporter.
 15869 | Gauntlet | Found a transporter.
 15889 | Gauntlet | Found a transporter.
 15894 | Gauntlet | Found a transporter.
 15983 | Gauntlet | Identified the +2 cloak of Ifyat {Will- Dex+5}
 16081 | Gauntlet | Identified the +5 pair of gloves "Kepass" {Regen+ Str+5
                  | Int+2}
 16108 | Gauntlet | Identified the +7 trident of Hospitality {flame, Will+
                  | Stlth+}
 16108 | Gauntlet | Noticed a minotaur
 16119 | Gauntlet | Killed a minotaur
 16131 | Gauntlet | Identified the +0 helmet "Ditut" {rF+ rC+ Dex-4 SInv}
 16136 | Gauntlet | Identified the +0 chain mail "Umouhept" {rF+ Int+4}
 16136 | Gauntlet | Identified the +1 tower shield of Ehihuna {rF+ Stlth+}
 16227 | Lair:1   | You fall into a shaft and drop 1 floor!
 16803 | Lair:2   | Reached skill level 18 in Axes
 17743 | Lair:3   | Found a staircase to the Snake Pit.
 17796 | Lair:3   | Reached skill level 15 in Fighting
 17807 | Lair:3   | Reached XP level 14. HP: 129/135 MP: 19/19
 18053 | Lair:3   | Reached skill level 10 in Shields
 18073 | Lair:3   | Found a staircase to the Shoals.
 18781 | Lair:5   | Entered Level 5 of the Lair of Beasts
 18981 | Lair:5   | Reached skill level 1 in Polearms
 19003 | Lair:5   | Identified the ring "Egus" {rPois rC++ MP+9 Str+4 Dex-3}
 19484 | Lair:5   | Found a viscous altar of Jiyva.
 19484 | Lair:5   | Found a staircase to the Slime Pits.
 19654 | Lair:5   | Reached skill level 19 in Axes
 19660 | Lair:5   | Reached XP level 15. HP: 137/144 MP: 21/21
 19664 | Lair:5   | Reached ****** piety under the Shining One
 19685 | Lair:5   | Reached skill level 10 in Invocations
 19722 | Lair:5   | Identified the amulet of Qeurobec {Reflect rF+ SH+5 Stlth+}
 19946 | Snake:1  | Entered Level 1 of the Snake Pit
 20218 | Snake:1  | Slain by a naga warrior

Illustrated notes

Levels and vault maps discovered:
D:1:      lightli_iron_boxes, layout_basic, st_stairs_3
D:2:      layout_loops_ring, serial_aquarium, aquarium_bridge_straight
          [aquarium_subvault_bridge, aquarium_subvault_window,
          aquarium_subvault_bridge, aquarium_subvault_wall],
          aquarium_bridge_long_joined [aquarium_subvault_wall,
          aquarium_subvault_wall, aquarium_subvault_balcony,
          aquarium_subvault_bridge, aquarium_subvault_window,
          aquarium_subvault_bridge], aquarium_window_fake,
          aquarium_window_double, aquarium_window_corner,
          aquarium_window_corridor_2, aquarium_view_2e, aquarium_view_2b,
          basic_ecumenical_altar, st_stairs_10, uniq_robin, uniq_terence,
          uniq_natasha
D:3:      layout_loops_cross, gammafunk_ghost_grave
D:4:      layout_basic, mainiacjoe_overflow_small_starburst,
          kennysheep_generic_room_3
D:5:      layout_cave_pods
D:6:      layout_loops_ring, mainiacjoe_overflow_surrounded_room,
          minmay_temple_entry_large_hall, uniq_maggie
D:7:      layout_basic, general_overflow_altar, interstate_on_off
D:8:      layout_gridville, lightli_bailey_entry_fortress
D:9:      layout_rooms, mainiacjoe_overflow_six_doors_small,
          serial_bayou_lake_a, uniq_harold, uniq_pikel
D:10:     layout_basic, nicolae_overflow_hallway_of_the_gods, tgw_kikubaaqudgha,
          erik_orc_1, uniq_lodul
D:11:     layout_basic, minmay_lair_entry_grove, uniq_josephine, uniq_erolcha
Temple:   chequers_temple_sunken
Lair:1:   layout_big_grid, gauntlet_entry_generic, infiniplex_staircase_pool,
          uniq_fannar
Lair:2:   layout_layer_cave, minmay_stone_trees_medium
Lair:3:   layout_misc_corridors, elwin_shoals_entry_rocks,
          minmay_snake_entry_spellcaster, lemuel_fruit_fields
Lair:4:   layout_roguey
Lair:5:   due_jungle_book, layout_big_grid, dpeg_slime_entry_enclosed
Snake:1:  layout_grid_maze, uniq_asterion
Orc:1:    layout_caves, serial_shops, nicolae_shop_waterfront,
          nicolae_shop_statue_plus, shop
Orc:2:    pubby_orc_utopia

Skill      XL: |  1  2  3  4  5  6  7  8  9 10 11 12 13 14 15 |
---------------+----------------------------------------------+-----
Fighting       | 4 5 6 7 8 9 11 13 15 16 | 16.4
Armour         | 4 5 6 8 9 10 11 12 | 12.9
Shields        | 4 5 6 7 8 9 11 12 | 12.2
Axes           | 3 4 5 6 7 9 12 14 16 17 18 19 | 19.2
Invocations    | 3 5 7 8 9 10 | 10.1
Polearms       | 2 |  2.5
Throwing       | |  0.6
Evocations     | |  0.1

Action                   |  1- 3 |  4- 6 |  7- 9 | 10-12 | 13-15 || total
-------------------------+-------+-------+-------+-------+-------++-------
Melee: War axe           |    62 |    84 |   224 |   436 |   541 ||  1347
       Headbutt          |     2 |     8 |    29 |   104 |   140 ||   283
       Trident           |       |       |       |       |    12 ||    12
Throw: Throwing net      |       |     1 |       |       |       ||     1
       Javelin           |       |       |     1 |       |       ||     1
Invok: Divine Shield     |       |       |       |     3 |     1 ||     4
Evoke: Wand              |       |       |     1 |       |       ||     1
  Use: Potion            |       |       |     3 |     1 |     3 ||     7
       Scroll            |       |       |     5 |     1 |     5 ||    11
Armor: Scale mail        |    37 |    40 |    88 |   102 |   211 ||   478
       Quicksilver drago |       |       |       |       |    53 ||    53
Dodge: Dodged            |    29 |    36 |    97 |   186 |   146 ||   494
Block: Buckler           |    21 |    18 |    44 |    82 |   183 ||   348
       Kite shield       |       |       |       |       |    27 ||    27
       Reflection        |       |       |       |       |     3 ||     3
